 Dungeon Crawl Stone Soup version 0.31.0-9-g3a7656b989 (webtiles) character file.

Game seed: 10579141995732307933

158 qw the Ducker (level 5, -3/27 HPs)
             Began as a Spriggan Hunter on Feb 2, 2024.
             Incinerated by a bombardier beetle (6 damage)
             ... with a burning spray
             ... on level 3 of the Dungeon.
             The game lasted 00:00:09 (2166 turns).

qw the Ducker (Spriggan Hunter)                     Turns: 2166, Time: 00:00:09

Health: -3/27      AC:  2    Str:  7    XL:     5   Next: 16%
Magic:  6/6        EV: 21    Int: 10    God:
Gold:   173        SH:  0    Dex: 21    Spells: 4/4 levels left

rFire   . . .        a - +2 shortbow
rCold   . . .        (shield currently unavailable)
rNeg    . . .        c - +0 robe
rPois   .            (helmet restricted)
rElec   .            (no cloak)
rCorr   .            (gloves unavailable)
SInv    +            (boots unavailable)
Will    .....        (no amulet)
Stlth   +            (no ring)
HPRegen 0.24/turn    (no ring)
MPRegen 0.10/turn

%: no passive effects
@: on fire, glowing, very quick
A: very small, no large weapons, unfitting armour, see invisible, speed 3
a: no special abilities


You were on level 3 of the Dungeon.
You visited 1 branch of the dungeon, and saw 3 of its levels.

You collected 173 gold pieces.


Innate Abilities, Weirdness & Mutations

You are very small and have problems with some larger weapons.
You are too small for most types of armour.
You have supernaturally acute eyesight. (SInv)
You cover ground extremely quickly. (Speed+++)


   Skills:
 - Level 2.3 Fighting
 + Level 5.0 Ranged Weapons
 - Level 5.3 Dodging
 - Level 1.5 Stealth


You had 4 spell levels left.
You didn't know any spells.
Your spell library was empty.

Inventory:

Hand Weapons
 a - a +2 shortbow (weapon)
Armour
 c - a +0 robe (worn)
Wands
 h - a wand of flame (7)
 k - a wand of mindburst (15)
Scrolls
 d - a scroll of enchant armour {unknown}
 i - a scroll of identify
Potions
 b - a potion of degeneration {unknown}
 e - a potion of haste
 f - a potion of heal wounds {unknown}
 g - a potion of cancellation
 j - 2 potions of curing {unknown}
 l - a potion of resistance {unknown}

Dungeon Overview and Level Annotations

Branches:
Dungeon (3/15)

Altars:

Shops:
D:1 [


Message History

You shoot an arrow. The arrow barely misses the orc.
You hear an angry hiss.
You shoot an arrow. The arrow barely misses the orc.
An orc comes into view. It is wielding a +0 flail.
You shoot an arrow. The arrow hits the orc!
You kill the orc!
A ball python comes into view.
The bombardier beetle sprays incendiary fluid at you.
The burning spray hits you.
You are covered in liquid fire!
An orc comes into view. It is wielding a +0 club.
You shoot an arrow. The ball python hisses angrily.
The arrow hits the orc!
You kill the orc!
The liquid fire burns you!
A dart slug comes into view.
The orc priest mumbles some strange prayers to Beogh against you.
You struggle to resist.
The bombardier beetle sprays incendiary fluid at you.
The burning spray hits you.
You are even more covered in liquid fire!
You shoot an arrow. The arrow hits the bombardier beetle!
You kill the bombardier beetle!
The liquid fire burns you!
Your Fighting skill increases to level 2!
You have reached level 5!
You feel agile.
You shoot an arrow. The arrow barely misses the orc.
The liquid fire burns you!
You shoot an arrow. The arrow hits the orc.
The orc is moderately wounded.
The liquid fire burns you! The orc misses you.
You shoot an arrow.
The arrow hits the orc but does no damage.
The orc is moderately wounded.
The liquid fire burns you!
You shoot an arrow. The arrow closely misses the orc.
The liquid fire burns you!
You die...

#.##......##### #...#
#.............###...#
#######...###........
#...#..........
#####.#........ .
#.#........ ...
#..........
.)...###########........
#.S@................
#.)o.......#........
#o.........#........
..w#########.#........
##. .# #.#.......< )
..##.#........ #
.#..#..........
....##........
##............


You could see an orc priest, a dart slug, an orc and a ball python.

Vanquished Creatures
  A bombardier beetle (D:3)
  A hound (D:3)
  An adder (D:3)
  3 gnolls (D:2)
  2 dart slugs
  4 orcs (D:3)
  3 ball pythons
  8 bats
  5 endoplasms
  4 giant cockroaches
  6 goblins
  3 hobgoblins
  A quokka (D:3)
  2 frilled lizards
  5 kobolds
  4 rats
53 creatures vanquished.

Notes
Turn   | Place    | Note
-------+----------+-------------------------------------------
     0 | D:1      | qw the Spriggan Hunter began the quest for the Orb.
     0 | D:1      | Reached XP level 1. HP: 10/10 MP: 2/2
     0 | D:1      | 0 ||| qw: Version: 0.3-a-155-g5e7d8dd
     0 | D:1      | 0 ||| qw: Game counter: 2342
     0 | D:1      | 0 ||| qw: Melee chars always use a shield: true
     0 | D:1      | 0 ||| qw: God list: Okawaru
     0 | D:1      | 0 ||| qw: Allow faded altars: false
     0 | D:1      | 0 ||| qw: Do Orc after clearing Dungeon:15 true
     0 | D:1      | 0 ||| qw: Do second Lair branch before Depths: true
     0 | D:1      | 0 ||| qw: Lair rune preference: random
     0 | D:1      | 0 ||| qw: Goals: Normal
     0 | D:1      | 0 ||| PLANNING D:1-11
    36 | D:1      | Reached skill level 3 in Dodging
   296 | D:1      | 296 ||| READING scroll labelled SYONEA XONT.
   297 | D:1      | 297 ||| READING scroll labelled WAMPY VURPHUS.
   298 | D:1      | 298 ||| READING scroll labelled FAZAERU HEOM.
   299 | D:1      | 299 ||| DROPPING scroll of butterflies.
   312 | D:1      | Reached XP level 2. HP: 14/14 MP: 3/3
   475 | D:1      | Found Cegiaff's Armour Boutique.
   484 | D:1      | 484 ||| SHOPLISTING +0 cloak (58 gold, have 18).
   661 | D:1      | 661 ||| READING scroll labelled UMOCEPYIDY.
   661 | D:1      | 661 ||| ENCHANTING +0 shortbow.
   662 | D:1      | 662 ||| READING scroll labelled ILYMYATEIL.
   662 | D:1      | 662 ||| IDENTIFYING smoky purple potion
   663 | D:1      | 663 ||| READING scroll labelled TAUSEY IGEJA.
   847 | D:2      | Found a faded altar of an unknown god.
  1113 | D:2      | 1113 ||| RETREEEEATING.
  1114 | D:2      | 1114 ||| RETREEEEATING.
  1115 | D:2      | 1115 ||| RETREEEEATING.
  1120 | D:2      | Reached XP level 3. HP: 18/18 MP: 4/4
  1578 | D:2      | 1578 ||| DROPPING ring of magical power.
  1579 | D:2      | 1579 ||| READING scroll of identify.
  1579 | D:2      | 1579 ||| IDENTIFYING dark potion
  1580 | D:2      | 1580 ||| READING scroll labelled UPNOAST MASAI.
  1581 | D:2      | 1581 ||| READING scroll labelled CIBAET BYNI.
  1583 | D:2      | 1583 ||| Stepping ~*~*~tactically~*~*~ (cloud).
  1592 | D:2      | HP: 4/18 [poisoned by you (poison gas)]
  1701 | D:3      | Reached XP level 4. HP: 22/22 MP: 5/5
  1918 | D:3      | 1918 ||| READING scroll of enchant weapon.
  1918 | D:3      | 1918 ||| ENCHANTING +1 shortbow.
  2163 | D:3      | Reached XP level 5. HP: 13/27 MP: 6/6
  2164 | D:3      | HP: 6/27 [burnt (4)]
  2165 | D:3      | HP: 2/27 [burnt (4)]
  2166 | D:3      | Incinerated by a bombardier beetle

Levels and vault maps discovered:
D:1:      sevenhm_arrival_forest_fort_small_6, layout_loops_cross, serial_shops,
          nicolae_shop_temple_entry_statues_fountains, glass_columns_c
D:2:      layout_basic, hellmonk_ecumenical_altar_heavens_door
D:3:      layout_basic, minmay_misc_feat_diagonals, minmay_misc_feat_x,
          kennysheep_generic_room_7

Skill      XL: |  1  2  3  4 |
---------------+-------------+-----
Dodging        | 3 4 5 |  5.3
Ranged Weapons | 5 |  5.0
Fighting       | 2 |  2.3
Stealth        | |  1.5

Action                     |  1- 3 |  4- 6 || total
---------------------------+-------+-------++-------
   Fire: Shortbow          |    91 |    57 ||   148
    Use: Scroll            |     9 |     1 ||    10
 Armour: Robe              |     9 |     4 ||    13
  Dodge: Dodged            |    14 |    24 ||    38

Table legend:
 A = Non-vault XP
 B = Vault XP
 C = Vault XP percentage of total XP
 D = Non-vault monster count
 E = Vault monster count
 F = Vault count percentage of total count
                 A         B        C        D         E       F
            +---------+---------+-------+---------+---------+-------
      Total |     223 |       4 |   1.8 |      51 |       2 |   3.8
            +---------+---------+-------+---------+---------+-------
        D:1 |      25 |       0 |   0.0 |      14 |       0 |   0.0
        D:2 |      65 |       0 |   0.0 |      17 |       0 |   0.0
        D:3 |     133 |       4 |   2.9 |      20 |       2 |   9.1
            +---------+---------+-------+---------+---------+-------
